[Event "1000GM Spring Break Schev-B 2024"]
[Site "San Jose"]
[Date "2024.03.30"]
[Round "1.1"]
[White "Karunakaran, Kapilan"]
[Black "Dominguez Aguilar, Guillermo"]
[Result "1-0"]
[ECO "A61"]
[WhiteElo "1965"]
[BlackElo "2284"]
[Annotator "RC"]
[PlyCount "55"]
[EventDate "2024.03.28"]
[EventType "schev"]
[EventCountry "USA"]
[SourceTitle "playchess.com"]
[Source "ChessBase"]
[SourceQuality "1"]
[TimeControl "5400+30"]

1. d4 Nf6 2. c4 c5 3. d5 e6 4. Nc3 exd5 5. cxd5 d6 6. Bf4 a6 7. a4 g6 8. h3 Bg7 9. Nf3 O-O 10. e3 Re8 11. Nd2 Nh5 12. Bh2 Qh4 13. Nc4 Nd7 14. Bxd6 f5 15. Qf3 f4 16. e4 Ndf6 17. e5 Bf5 18. O-O-O b5 19. exf6 Qxf6 20. Be5 Rxe5 21. Nxe5 b4 22. Bc4 Qd6 23. Nc6 bxc3 24. b3 c2 25. Rde1 Rc8 26. Ne7+ Kf8 27. Nxf5 gxf5 28. Re6 1-0

[Event "1000GM Spring Break Schev-B 2024"]
[Site "San Jose"]
[Date "2024.03.30"]
[Round "1.2"]
[White "Pulijala, Akshaj"]
[Black "Varela Velazquez, Carlos Francisco"]
[Result "0-1"]
[ECO "D00"]
[WhiteElo "1815"]
[BlackElo "2113"]
[Annotator "RC"]
[PlyCount "89"]
[EventDate "2024.03.28"]
[EventType "schev"]
[EventCountry "USA"]
[SourceTitle "playchess.com"]
[Source "ChessBase"]
[SourceQuality "1"]
[TimeControl "5400+30"]

1. d4 Nf6 2. Nc3 d5 3. Bf4 e6 4. e3 Bb4 5. Bd3 c5 6. dxc5 Nbd7 7. Nf3 O-O 8. O-O Nxc5 9. Be2 Bd7 10. Qd4 Qa5 11. Nb1 Nce4 12. Ne5 Bb5 13. Bxb5 Qxb5 14. a4 Qb6 15. Qxb6 axb6 16. f3 Nc5 17. b3 Rfc8 18. Rd1 Nh5 19. Rd4 Na6 20. Nd3 Be7 21. c3 Nc5 22. Nd2 Nd7 23. Rc1 Bf6 24. Bd6 Bxd4 25. exd4 Nhf6 26. g4 Ne8 27. Bb4 Nc7 28. f4 Nb8 29. Ne5 f6 30. Nd3 Kf7 31. Kf2 Nc6 32. Ba3 b5 33. Nb2 b6 34. Nb1 Ra6 35. Ke3 Ke8 36. Kd3 Kd7 37. g5 f5 38. h4 Rca8 39. Bb4 bxa4 40. bxa4 b5 41. axb5 Nxb5 42. Bc5 Ra2 43. Kc2 Rb8 44. Nd2 Nbxd4+ 45. cxd4 0-1

[Event "1000GM Spring Break Schev-B 2024"]
[Site "San Jose"]
[Date "2024.03.30"]
[Round "1.4"]
[White "Solis Castro, Angel Alejan"]
[Black "Xia, Joshua"]
[Result "0-1"]
[ECO "D87"]
[WhiteElo "2071"]
[BlackElo "1938"]
[Annotator "RC"]
[PlyCount "103"]
[EventDate "2024.03.28"]
[EventType "schev"]
[EventCountry "USA"]
[SourceTitle "playchess.com"]
[Source "ChessBase"]
[SourceQuality "1"]
[TimeControl "5400+30"]

1. d4 Nf6 2. c4 g6 3. Nc3 d5 4. cxd5 Nxd5 5. e4 Nxc3 6. bxc3 Bg7 7. Bc4 c5 8. Ne2 O-O 9. O-O Nc6 10. Be3 b6 11. dxc5 Ne5 12. Bb3 Ba6 13. Re1 Nd3 14. cxb6 Nxe1 15. Qxe1 axb6 16. Nf4 e6 17. Rc1 Qc7 18. c4 Rac8 19. Qb4 b5 20. c5 Qc6 21. Ne2 Rfd8 22. Bc2 Bf8 23. Bb3 Rd3 24. Bg5 Bxc5 25. Qa5 Bb7 26. Kf1 Qxe4 27. f3 Qb4 28. Qxb4 Bxb4 29. Rxc8+ Bxc8 30. Nc1 Rd7 31. Ke2 Ba6 32. Bc2 Bd6 33. h3 b4+ 34. Bd3 Bb7 35. Bd2 Bf8 36. Bc4 Rc7 37. Kd3 Rc6 38. Bb5 Rc5 39. Bc4 Ra5 40. Kc2 Ba6 41. Bxa6 Rxa6 42. Kd3 f5 43. Kc4 e5 44. Kb3 Ra3+ 45. Kc4 e4 46. fxe4 fxe4 47. Bxb4 Rg3 48. a4 Rxg2 49. Bxf8 Kxf8 50. Kd4 Rg3 51. Kxe4 Rxh3 52. Kd4 0-1

[Event "1000GM Spring Break Schev-B 2024"]
[Site "San Jose"]
[Date "2024.03.30"]
[Round "1.5"]
[White "Gongora Montes, Benjamin"]
[Black "Rajaram, Anika"]
[Result "1-0"]
[ECO "D03"]
[WhiteElo "2106"]
[BlackElo "1850"]
[Annotator "RC"]
[PlyCount "111"]
[EventDate "2024.03.28"]
[EventType "schev"]
[EventCountry "USA"]
[SourceTitle "playchess.com"]
[Source "ChessBase"]
[SourceQuality "1"]
[TimeControl "5400+30"]

1. d4 d5 2. Nf3 Nf6 3. Bg5 e6 4. Nbd2 Be7 5. e3 O-O 6. Bd3 Nbd7 7. Ne5 c5 8. c3 Nxe5 9. dxe5 Nd7 10. Bf4 f6 11. Qh5 f5 12. g4 g6 13. Qh6 Nb8 14. Rg1 Rf7 15. O-O-O Bf8 16. Qh3 Qa5 17. Nf3 Qxa2 18. gxf5 exf5 19. e6 Bxe6 20. Ng5 Qa1+ 21. Bb1 Qa6 22. Nxf7 Bxf7 23. Bxf5 Bg7 24. Bh6 Nc6 25. Bxg7 Kxg7 26. Be6 Qa1+ 27. Kc2 Qa4+ 28. Kd2 Ne5 29. Bxf7 Nxf7 30. Qg4 Qb5 31. Kc2 Rd8 32. Rd2 Qb6 33. Qf4 Qc6 34. h4 Re8 35. Rgd1 Re4 36. Qg3 Qa4+ 37. Kb1 Rxh4 38. Rxd5 Qe4+ 39. Kc1 Rh1 40. Rxh1 Qxh1+ 41. Rd1 Qc6 42. Qf4 b5 43. Kb1 a5 44. c4 b4 45. Rd5 b3 46. Qe4 Qa4 47. Rxc5 Qb4 48. Qd4+ Kh6 49. Rd5 Qe1+ 50. Qd1 Qb4 51. Rd4 a4 52. e4 a3 53. bxa3 Qxa3 54. Qc1+ Qxc1+ 55. Kxc1 Ne5 56. f4 1-0

[Event "1000GM Spring Break Schev-B 2024"]
[Site "San Jose"]
[Date "2024.03.31"]
[Round "2.1"]
[White "Varela Velazquez, Carlos Francisco"]
[Black "Karunakaran, Kapilan"]
[Result "1/2-1/2"]
[ECO "D34"]
[WhiteElo "2113"]
[BlackElo "1965"]
[Annotator "RC"]
[PlyCount "67"]
[EventDate "2024.03.28"]
[EventType "schev"]
[EventCountry "USA"]
[SourceTitle "playchess.com"]
[Source "ChessBase"]
[SourceQuality "1"]
[TimeControl "5400+30"]

1. Nf3 Nf6 2. b3 d5 3. Bb2 Bf5 4. c4 e6 5. g3 h6 6. Bg2 c5 7. cxd5 exd5 8. O-O Be7 9. d4 Nc6 10. Nc3 O-O 11. dxc5 Bxc5 12. Rc1 Rc8 13. Nxd5 Bxf2+ 14. Rxf2 Nxd5 15. Ne5 Nxe5 16. Rxc8 Bxc8 17. Qxd5 Nc6 18. Ba3 Be6 19. Qxe6 fxe6 20. Rxf8+ Qxf8 21. Bxf8 Kxf8 22. Bxc6 bxc6 23. Kf2 c5 24. Ke3 Ke7 25. Kd3 Kd6 26. Kc4 Kc6 27. b4 cxb4 28. Kxb4 Kb6 29. g4 e5 30. h4 g6 31. h5 g5 32. Kc4 Kc6 33. a3 a6 34. e3 1/2-1/2

[Event "1000GM Spring Break Schev-B 2024"]
[Site "San Jose"]
[Date "2024.03.31"]
[Round "2.2"]
[White "Rodi, Luis Ernesto"]
[Black "Pulijala, Akshaj"]
[Result "1-0"]
[ECO "B33"]
[WhiteElo "2193"]
[BlackElo "1815"]
[Annotator "RC"]
[PlyCount "121"]
[EventDate "2024.03.28"]
[EventType "schev"]
[EventCountry "USA"]
[SourceTitle "playchess.com"]
[Source "ChessBase"]
[SourceQuality "1"]
[TimeControl "5400+30"]

1. e4 c5 2. Nf3 Nc6 3. d4 cxd4 4. Nxd4 Nf6 5. Nc3 e5 6. Ndb5 d6 7. Nd5 Nxd5 8. exd5 Nb8 9. a4 Be7 10. Be2 O-O 11. O-O a6 12. Na3 Bf5 13. Nc4 Nd7 14. a5 Rc8 15. c3 Nc5 16. Nb6 Rc7 17. f3 Nd7 18. Be3 Bg5 19. Bf2 Qf6 20. Nxd7 Rxd7 21. Bd3 Re8 22. Qc2 Bxd3 23. Qxd3 Qe7 24. Rfe1 g6 25. c4 f5 26. b4 Qf7 27. Rad1 Rde7 28. c5 e4 29. fxe4 fxe4 30. Qe2 Bf4 31. Rf1 Qg7 32. Bd4 Be5 33. Be3 Rf7 34. Qc4 Rxf1+ 35. Rxf1 Qc7 36. c6 Kg7 37. g3 bxc6 38. dxc6 d5 39. Qxd5 Bxg3 40. Qd7+ Re7 41. Qh3 Bxh2+ 42. Qxh2 Qxh2+ 43. Kxh2 Rc7 44. Rc1 Kf6 45. Bb6 Rc8 46. c7 Ke5 47. b5 e3 48. Bxe3 axb5 49. a6 Ke4 50. Ba7 b4 51. Bb8 b3 52. a7 b2 53. Rb1 Kf4 54. Rxb2 Kf5 55. a8=Q Kf6 56. Qa6+ Kg7 57. Qxc8 Kh6 58. Qf8+ Kh5 59. c8=Q Kg5 60. Rb5+ Kh4 61. Qh3# 1-0

[Event "1000GM Spring Break Schev-B 2024"]
[Site "San Jose"]
[Date "2024.03.31"]
[Round "2.4"]
[White "Xia, Joshua"]
[Black "Gongora Montes, Benjamin"]
[Result "1/2-1/2"]
[ECO "C04"]
[WhiteElo "1938"]
[BlackElo "2106"]
[Annotator "RC"]
[PlyCount "42"]
[EventDate "2024.03.28"]
[EventType "schev"]
[EventCountry "USA"]
[SourceTitle "playchess.com"]
[Source "ChessBase"]
[SourceQuality "1"]
[TimeControl "5400+30"]

1. e4 e6 2. d4 d5 3. Nd2 Nf6 4. e5 Nfd7 5. Bd3 Nc6 6. Ngf3 Qe7 7. c3 f6 8. exf6 gxf6 9. Nh4 Bg7 10. O-O Qf7 11. Qc2 Ne7 12. Ndf3 e5 13. dxe5 fxe5 14. Ng5 Qf6 15. Qe2 e4 16. Qh5+ Ng6 17. Be2 Ndf8 18. Be3 Ne6 19. f3 Nxg5 20. fxe4 Nh3+ 21. gxh3 Qxh4 1/2-1/2

[Event "1000GM Spring Break Schev-B 2024"]
[Site "San Jose"]
[Date "2024.03.31"]
[Round "2.5"]
[White "Rajaram, Anika"]
[Black "Dominguez Aguilar, Guillermo"]
[Result "1/2-1/2"]
[ECO "A62"]
[WhiteElo "1850"]
[BlackElo "2284"]
[Annotator "RC"]
[PlyCount "103"]
[EventDate "2024.03.28"]
[EventType "schev"]
[EventCountry "USA"]
[SourceTitle "playchess.com"]
[Source "ChessBase"]
[SourceQuality "1"]
[TimeControl "5400+30"]

1. d4 Nf6 2. c4 g6 3. g3 Bg7 4. Bg2 c5 5. d5 d6 6. Nc3 O-O 7. Nf3 e6 8. O-O exd5 9. cxd5 a6 10. a4 Re8 11. Bf4 h6 12. Re1 g5 13. Bc1 Bf5 14. h4 g4 15. Nd2 Nbd7 16. e4 Bg6 17. Nc4 Nb6 18. Nxb6 Qxb6 19. a5 Qc7 20. Bf4 Rad8 21. Qa4 Nd7 22. Qc4 Ne5 23. Bxe5 Bxe5 24. b4 Rc8 25. b5 axb5 26. Nxb5 Qd8 27. Ra4 Ra8 28. Qa2 h5 29. Rb1 Bf6 30. a6 bxa6 31. Rxa6 Be5 32. Na7 Qf6 33. Nc6 Rxa6 34. Qxa6 Bc3 35. Qa4 Kf8 36. Rc1 Bd4 37. Nxd4 cxd4 38. Rd1 Bxe4 39. Qxd4 Qxd4 40. Rxd4 Bf5 41. f3 Kg7 42. Kf2 Rb8 43. Rd2 Kf6 44. f4 Bb1 45. Bf1 Rb3 46. Be2 Be4 47. Rd4 Kf5 48. Rd2 Ra3 49. Rb2 Bxd5 50. Rb5 Ke4 51. Rb4+ Kf5 52. Rb5 1/2-1/2

[Event "1000GM Spring Break Schev-B 2024"]
[Site "San Jose"]
[Date "2024.03.31"]
[Round "3.1"]
[White "Karunakaran, Kapilan"]
[Black "Rodi, Luis Ernesto"]
[Result "1/2-1/2"]
[ECO "A41"]
[WhiteElo "1965"]
[BlackElo "2193"]
[Annotator "RC"]
[PlyCount "133"]
[EventDate "2024.03.28"]
[EventType "schev"]
[EventCountry "USA"]
[SourceTitle "playchess.com"]
[Source "ChessBase"]
[SourceQuality "1"]
[TimeControl "5400+30"]

1. d4 d6 2. c4 g6 3. Nc3 Bg7 4. Nf3 e5 5. d5 f5 6. e4 Nf6 7. Bd3 Na6 8. Be3 O-O 9. a3 c5 10. Qc2 f4 11. Bd2 Nc7 12. Ke2 Bd7 13. b4 Na6 14. Rhb1 h6 15. Be1 g5 16. Nd2 Qe8 17. f3 g4 18. Bf2 b6 19. Nb5 g3 20. hxg3 fxg3 21. Be3 Nh5 22. Nxd6 Qe7 23. Nb5 Nf4+ 24. Bxf4 exf4 25. Ra2 Rfc8 26. Qa4 Nc7 27. Qb3 Ne8 28. Rh1 Qe5 29. Rc2 a6 30. Nc3 Nd6 31. Kf1 Re8 32. Ne2 Rf8 33. Nb1 Rab8 34. Nbc3 Qg5 35. Na4 Nf7 36. b5 a5 37. Nb2 Ne5 38. Ng1 h5 39. Be2 h4 40. Nh3 Qf6 41. Nd3 Ng6 42. Qb2 Qe7 43. Qc1 Qf6 44. Qb2 Qd6 45. Qc1 Bd4 46. a4 Qf6 47. Qd2 Rbe8 48. Qc1 Re7 49. Ke1 Ref7 50. Kd1 Qd6 51. Ra2 Qf6 52. Kc2 Re7 53. Kb3 Kf7 54. Nhxf4 Nxf4 55. Qxf4 h3 56. Bf1 Ke8 57. Qb8+ Kf7 58. Qxg3 Ke8 59. Qb8+ Kf7 60. Qf4 Ke8 61. Qxf6 Rxf6 62. Ne1 Rh6 63. gxh3 Reh7 64. Nd3 Rh4 65. Re2 Ke7 66. e5 Bf5 67. Nf2 1/2-1/2

[Event "1000GM Spring Break Schev-B 2024"]
[Site "San Jose"]
[Date "2024.03.31"]
[Round "3.2"]
[White "Pulijala, Akshaj"]
[Black "Solis Castro, Angel Alejan"]
[Result "1/2-1/2"]
[ECO "B13"]
[WhiteElo "1815"]
[BlackElo "2071"]
[Annotator "RC"]
[PlyCount "27"]
[EventDate "2024.03.28"]
[EventType "schev"]
[EventCountry "USA"]
[SourceTitle "playchess.com"]
[Source "ChessBase"]
[SourceQuality "1"]
[TimeControl "5400+30"]

1. d4 Nf6 2. Nc3 d5 3. Bf4 c5 4. e3 cxd4 5. exd4 a6 6. Nf3 Nc6 7. Bd3 Bg4 8. Be2 Rc8 9. O-O e6 10. Ne5 Bxe2 11. Nxe2 Bd6 12. Nc1 O-O 13. c3 b5 14. Qe2 1/2-1/2

[Event "1000GM Spring Break Schev-B 2024"]
[Site "San Jose"]
[Date "2024.03.31"]
[Round "3.3"]
[White "Gongora Montes, Benjamin"]
[Black "Sawhney, Yuvraj Singh"]
[Result "1-0"]
[ECO "A48"]
[WhiteElo "2106"]
[BlackElo "1846"]
[Annotator "RC"]
[PlyCount "88"]
[EventDate "2024.03.28"]
[EventType "schev"]
[EventCountry "USA"]
[SourceTitle "playchess.com"]
[Source "ChessBase"]
[SourceQuality "1"]
[TimeControl "5400+30"]

1. d4 Nf6 2. Nf3 g6 3. Bg5 Ne4 4. Bf4 Bg7 5. Nbd2 d5 6. e3 c5 7. c3 Nc6 8. Nxe4 dxe4 9. Ng5 cxd4 10. exd4 Qd5 11. f3 f5 12. fxe4 fxe4 13. Qb3 Qxb3 14. axb3 e5 15. dxe5 Nxe5 16. Nxe4 O-O 17. Bg3 Bf5 18. Nd6 b6 19. Nxf5 Rxf5 20. Be2 Bh6 21. Rf1 Rxf1+ 22. Kxf1 Bg7 23. b4 Rf8+ 24. Kg1 Nc6 25. Bf3 Rc8 26. Bd5+ Kh8 27. Bxc6 Rxc6 28. Ra4 a6 29. Rxa6 Bh6 30. Ra7 Kg8 31. Be5 Re6 32. Bd4 Bf4 33. Kf2 Bc1 34. b3 Bb2 35. Rg7+ Kf8 36. Rxh7 Rc6 37. b5 Re6 38. h4 Bc1 39. Rb7 Bd2 40. Kf3 Be1 41. g3 Bd2 42. c4 Bb4 43. Rxb6 Kf7 44. Rxe6 Kxe6 1-0

[Event "1000GM Spring Break Schev-B 2024"]
[Site "San Jose"]
[Date "2024.03.31"]
[Round "3.4"]
[White "Dominguez Aguilar, Guillermo"]
[Black "Xia, Joshua"]
[Result "1-0"]
[ECO "B23"]
[WhiteElo "2284"]
[BlackElo "1938"]
[Annotator "RC"]
[PlyCount "103"]
[EventDate "2024.03.28"]
[EventType "schev"]
[EventCountry "USA"]
[SourceTitle "playchess.com"]
[Source "ChessBase"]
[SourceQuality "1"]
[TimeControl "5400+30"]

1. e4 c5 2. Nc3 d6 3. f4 Nc6 4. Nf3 g6 5. Bb5 Bg7 6. O-O Bd7 7. d3 e6 8. Qe1 Nge7 9. Bxc6 Bxc6 10. Qh4 Qb6 11. Kh1 Bd7 12. Nd1 Bc6 13. Ne3 Qc7 14. Rb1 d5 15. e5 d4 16. Nc4 Nf5 17. Qf2 b5 18. Na3 Qb7 19. c3 Rd8 20. c4 b4 21. Nc2 a5 22. Bd2 b3 23. axb3 Qxb3 24. Bxa5 Ra8 25. Qd2 Bh6 26. Bc7 O-O 27. Bd6 Rfc8 28. Ng5 Bb7 29. Ne4 Bxe4 30. dxe4 Nxd6 31. exd6 e5 32. Qf2 exf4 33. Na3 Rcb8 34. Nb5 Qxc4 35. Nc7 Ra2 36. Qh4 Raxb2 37. Rbe1 Qc2 38. Rg1 Bf8 39. d7 f3 40. gxf3 Be7 41. Qg3 Rd8 42. Ne8 Rxd7 43. Qe5 f6 44. Nxf6+ Bxf6 45. Qe8+ Kg7 46. Qxd7+ Kg8 47. Qh3 d3 48. e5 Be7 49. Ra1 Kg7 50. Ra7 h5 51. Rxe7+ Kh6 52. Qg3 1-0

[Event "1000GM Spring Break Schev-B 2024"]
[Site "San Jose"]
[Date "2024.03.31"]
[Round "3.5"]
[White "Rajaram, Anika"]
[Black "Varela Velazquez, Carlos Francisco"]
[Result "0-1"]
[ECO "E03"]
[WhiteElo "1850"]
[BlackElo "2113"]
[Annotator "RC"]
[PlyCount "58"]
[EventDate "2024.03.28"]
[EventType "schev"]
[EventCountry "USA"]
[SourceTitle "playchess.com"]
[Source "ChessBase"]
[SourceQuality "1"]
[TimeControl "5400+30"]

1. d4 d5 2. c4 e6 3. Nf3 Nf6 4. g3 dxc4 5. Qa4+ Nbd7 6. Bg2 a6 7. Qxc4 b5 8. Qc6 Ra7 9. Bf4 Bb7 10. Qc1 c5 11. dxc5 Bxc5 12. O-O O-O 13. Ne5 Bxg2 14. Kxg2 Qa8+ 15. Kg1 Rc8 16. Qd1 Nxe5 17. Bxe5 Rd7 18. Qe1 Ng4 19. Bf4 Rd5 20. h3 Rh5 21. h4 h6 22. e4 e5 23. Bd2 g5 24. Qe2 Nf6 25. Nc3 Rd8 26. Nd5 Rxd5 27. exd5 gxh4 28. g4 Qxd5 29. gxh5 h3 0-1

[Event "1000GM Spring Break Schev-B 2024"]
[Site "San Jose"]
[Date "2024.04.01"]
[Round "4.1"]
[White "Solis Castro, Angel Alejan"]
[Black "Karunakaran, Kapilan"]
[Result "1-0"]
[ECO "A07"]
[WhiteElo "2071"]
[BlackElo "1965"]
[Annotator "RC"]
[PlyCount "61"]
[EventDate "2024.03.28"]
[EventType "schev"]
[EventCountry "USA"]
[SourceTitle "playchess.com"]
[Source "ChessBase"]
[SourceQuality "1"]
[TimeControl "5400+30"]

1. Nf3 Nf6 2. g3 d5 3. b3 Bf5 4. Bb2 h6 5. Bg2 e6 6. O-O c5 7. d3 Be7 8. Nbd2 O-O 9. Ne5 Qc7 10. e4 Bh7 11. f4 Nc6 12. Ng4 d4 13. f5 Nxg4 14. Qxg4 Ne5 15. Qe2 Qb6 16. Bc1 Bf6 17. Nc4 Qc6 18. Nxe5 Bxe5 19. f6 Bg6 20. h4 h5 21. Bg5 Qc7 22. g4 hxg4 23. Qxg4 Kh8 24. h5 Bh7 25. fxg7+ Bxg7 26. Rf6 Qe5 27. Qh4 Rg8 28. Rxf7 Raf8 29. Raf1 Rxf7 30. Rxf7 Re8 31. Bf4 1-0

[Event "1000GM Spring Break Schev-B 2024"]
[Site "San Jose"]
[Date "2024.04.01"]
[Round "4.2"]
[White "Gongora Montes, Benjamin"]
[Black "Pulijala, Akshaj"]
[Result "1/2-1/2"]
[ECO "D03"]
[WhiteElo "2106"]
[BlackElo "1815"]
[Annotator "RC"]
[PlyCount "49"]
[EventDate "2024.03.28"]
[EventType "schev"]
[EventCountry "USA"]
[SourceTitle "playchess.com"]
[Source "ChessBase"]
[SourceQuality "1"]
[TimeControl "5400+30"]

1. d4 Nf6 2. Nf3 g6 3. Bg5 Bg7 4. Nbd2 c5 5. e3 d5 6. c3 b6 7. Be2 O-O 8. O-O Bb7 9. a4 Nbd7 10. Qb1 a6 11. h3 Re8 12. Re1 e5 13. dxe5 Nxe5 14. Nxe5 Rxe5 15. Bf4 Re6 16. Bf3 Qe7 17. c4 Rd8 18. Rd1 d4 19. Bxb7 Qxb7 20. exd4 cxd4 21. b4 Ne4 22. Nxe4 Rxe4 23. Bd2 d3 24. Ra3 Rxc4 25. Ra1 1/2-1/2

[Event "1000GM Spring Break Schev-B 2024"]
[Site "San Jose"]
[Date "2024.04.01"]
[Round "4.3"]
[White "Sawhney, Yuvraj Singh"]
[Black "Dominguez Aguilar, Guillermo"]
[Result "0-1"]
[ECO "B31"]
[WhiteElo "1846"]
[BlackElo "2284"]
[Annotator "RC"]
[PlyCount "70"]
[EventDate "2024.03.28"]
[EventType "schev"]
[EventCountry "USA"]
[SourceTitle "playchess.com"]
[Source "ChessBase"]
[SourceQuality "1"]
[TimeControl "5400+30"]

1. e4 c5 2. Nf3 Nc6 3. Bb5 Nf6 4. Qe2 g6 5. O-O Bg7 6. c3 O-O 7. d4 cxd4 8. cxd4 d6 9. Nc3 Bg4 10. Be3 Nd7 11. Rad1 e5 12. Bxc6 bxc6 13. h3 Bxf3 14. Qxf3 Qb6 15. dxe5 Qxb2 16. Bc1 Qb4 17. a3 Qc5 18. Na4 Qb5 19. Rxd6 Nxe5 20. Qd1 Nc4 21. Rd3 Rfe8 22. Qc2 Rxe4 23. Nc3 Bxc3 24. Rxc3 Rae8 25. Bh6 Nd6 26. Rb1 Re1+ 27. Rxe1 Rxe1+ 28. Kh2 Qe5+ 29. f4 Qd4 30. Rxc6 Qg1+ 31. Kg3 Re3+ 32. Kg4 f5+ 33. Kh4 Qe1+ 34. Kg5 Rg3+ 35. Kf6 Ne8# 0-1

[Event "1000GM Spring Break Schev-B 2024"]
[Site "San Jose"]
[Date "2024.04.01"]
[Round "4.4"]
[White "Xia, Joshua"]
[Black "Varela Velazquez, Carlos Francisco"]
[Result "1/2-1/2"]
[ECO "C77"]
[WhiteElo "1938"]
[BlackElo "2113"]
[Annotator "RC"]
[PlyCount "96"]
[EventDate "2024.03.28"]
[EventType "schev"]
[EventCountry "USA"]
[SourceTitle "playchess.com"]
[Source "ChessBase"]
[SourceQuality "1"]
[TimeControl "5400+30"]

1. e4 e5 2. Nf3 Nc6 3. Bb5 a6 4. Ba4 Nf6 5. O-O Be7 6. d3 b5 7. Bb3 d6 8. a3 O-O 9. Nc3 Na5 10. Ba2 Be6 11. Nd5 Nxd5 12. exd5 Bg4 13. Re1 Nb7 14. Qe2 f5 15. c3 Qe8 16. Qe3 f4 17. Qe2 Qh5 18. h3 Bxf3 19. Qxf3 Qxf3 20. gxf3 Bh4 21. b4 a5 22. Bb2 Nd8 23. c4 axb4 24. axb4 Ra4 25. c5 Nf7 26. Bb3 Rxb4 27. Ra3 dxc5 28. Bc3 Rxb3 29. Rxb3 b4 30. Bxe5 Re8 31. Bc3 Rxe1+ 32. Bxe1 Bf6 33. Bd2 g5 34. Bc1 Ne5 35. Kg2 Ng6 36. Kf1 Be7 37. Ke2 Bd6 38. Rb2 Ne7 39. Ra2 h5 40. Ra8+ Kf7 41. Rh8 h4 42. Bb2 Nxd5 43. Rh7+ Kg6 44. Rg7+ Kf5 45. Kd2 Be7 46. Kc2 Ke6 47. Kb3 Nb6 48. Be5 c6 1/2-1/2

[Event "1000GM Spring Break Schev-B 2024"]
[Site "San Jose"]
[Date "2024.04.01"]
[Round "4.5"]
[White "Rodi, Luis Ernesto"]
[Black "Rajaram, Anika"]
[Result "1-0"]
[ECO "B48"]
[WhiteElo "2193"]
[BlackElo "1850"]
[Annotator "RC"]
[PlyCount "111"]
[EventDate "2024.03.28"]
[EventType "schev"]
[EventCountry "USA"]
[SourceTitle "playchess.com"]
[Source "ChessBase"]
[SourceQuality "1"]
[TimeControl "5400+30"]

1. e4 c5 2. Nf3 e6 3. d4 cxd4 4. Nxd4 Nc6 5. Nc3 Qc7 6. Be3 a6 7. Qf3 Nf6 8. O-O-O Ne5 9. Qg3 b5 10. f4 Neg4 11. Bg1 h5 12. e5 b4 13. Na4 Nd5 14. h3 Nh6 15. Bd3 g6 16. Be4 Bb7 17. Qf3 Be7 18. Bf2 Nf5 19. g4 Nxd4 20. Bxd4 Bc6 21. Nc5 Qa5 22. Nb3 Qc7 23. f5 gxf5 24. gxf5 Bg5+ 25. Kb1 a5 26. Rhg1 Be7 27. Rdf1 O-O-O 28. Rg7 a4 29. Nd2 Qb7 30. Kc1 Rdf8 31. f6 Bd8 32. Nc4 Bc7 33. Rd1 Qa6 34. Ne3 Nxe3 35. Qxe3 Qb5 36. Bd3 Qb7 37. Bc5 Rfg8 38. Rdg1 Re8 39. Rxf7 Qb8 40. Ba6+ Bb7 41. Qd3 Bxa6 42. Qxa6+ Qb7 43. Qxa4 Bxe5 44. Rd1 Rd8 45. Bxb4 Qc6 46. Qb3 Bc7 47. Rg7 d5 48. f7 Bf4+ 49. Kb1 Bd6 50. Bxd6 Rxd6 51. Rg8+ Rd8 52. Qg3 Qc7 53. Qxc7+ Kxc7 54. Rdg1 Rf8 55. Rxh8 Rxh8 56. Rg8 1-0

[Event "1000GM Spring Break Schev-B 2024"]
[Site "San Jose"]
[Date "2024.04.01"]
[Round "5.2"]
[White "Dominguez Aguilar, Guillermo"]
[Black "Pulijala, Akshaj"]
[Result "1-0"]
[ECO "B23"]
[WhiteElo "2284"]
[BlackElo "1815"]
[Annotator "RC"]
[PlyCount "93"]
[EventDate "2024.03.28"]
[EventType "schev"]
[EventCountry "USA"]
[SourceTitle "playchess.com"]
[Source "ChessBase"]
[SourceQuality "1"]
[TimeControl "5400+30"]

1. e4 c5 2. Nc3 Nc6 3. f4 d6 4. Nf3 g6 5. Bb5 Bg7 6. Bxc6+ bxc6 7. O-O Bg4 8. h3 Bxf3 9. Qxf3 e6 10. f5 Qd7 11. d3 f6 12. Qg3 Ne7 13. fxe6 Qxe6 14. Bf4 Rd8 15. Rae1 O-O 16. b3 Qd7 17. Nd1 d5 18. Bc7 Rde8 19. Bd6 dxe4 20. dxe4 Rf7 21. Bxc5 Nc8 22. Nf2 Bf8 23. Qc3 Nd6 24. a4 Qe6 25. Bd4 Bg7 26. Qc5 Bf8 27. Qxc6 Rc8 28. Qd5 Qxd5 29. exd5 Nf5 30. c3 Nxd4 31. cxd4 Rd8 32. Re6 f5 33. Nd3 Rxd5 34. Ne5 Rb7 35. g4 Bh6 36. gxf5 gxf5 37. Rxh6 Rg7+ 38. Kh2 Rxd4 39. Rf2 f4 40. Rf6 Re4 41. Nc4 h5 42. R6xf4 Rxf4 43. Rxf4 Rb7 44. Na5 Rc7 45. Rf5 Rh7 46. Nc6 Kg7 47. Ra5 1-0

[Event "1000GM Spring Break Schev-B 2024"]
[Site "San Jose"]
[Date "2024.04.01"]
[Round "5.3"]
[White "Varela Velazquez, Carlos Francisco"]
[Black "Sawhney, Yuvraj Singh"]
[Result "1-0"]
[ECO "E68"]
[WhiteElo "2113"]
[BlackElo "1846"]
[Annotator "RC"]
[PlyCount "115"]
[EventDate "2024.03.28"]
[EventType "schev"]
[EventCountry "USA"]
[SourceTitle "playchess.com"]
[Source "ChessBase"]
[SourceQuality "1"]
[TimeControl "5400+30"]

1. Nf3 Nf6 2. g3 g6 3. b3 Bg7 4. Bb2 O-O 5. Bg2 d6 6. d4 Nbd7 7. O-O Re8 8. c4 c6 9. Nc3 e5 10. e4 exd4 11. Nxd4 Nc5 12. Qc2 Bd7 13. Rad1 Rc8 14. Rfe1 b5 15. cxb5 cxb5 16. Ndxb5 Bxb5 17. Nxb5 Ncxe4 18. Qd3 Qb6 19. Bd4 Nc5 20. Qf1 Rcd8 21. b4 Rxe1 22. Rxe1 a6 23. bxc5 Qxb5 24. Qxb5 axb5 25. c6 Ne8 26. Bb6 Rc8 27. c7 Nxc7 28. Rc1 d5 29. Rxc7 Rxc7 30. Bxc7 d4 31. Bf1 b4 32. Bb6 d3 33. Bxd3 Bc3 34. Ba5 f5 35. a3 bxa3 36. Bxc3 Kf7 37. Bc4+ Ke7 38. Bb4+ Kd7 39. Bxa3 Ke8 40. Bg8 h6 41. h4 g5 42. h5 Kd7 43. Bb2 Kd6 44. f4 gxf4 45. gxf4 Ke7 46. Bg7 Ke8 47. Be6 Ke7 48. Bxf5 Kf7 49. Bxh6 Kf6 50. Bg4 Kf7 51. Bg5 Kg8 52. Be6+ Kh8 53. h6 Kh7 54. f5 Kh8 55. f6 Kh7 56. f7 Kh8 57. f8=Q+ Kh7 58. Bf5# 1-0

[Event "1000GM Spring Break Schev-B 2024"]
[Site "San Jose"]
[Date "2024.04.01"]
[Round "5.4"]
[White "Xia, Joshua"]
[Black "Rodi, Luis Ernesto"]
[Result "0-1"]
[ECO "C84"]
[WhiteElo "1938"]
[BlackElo "2193"]
[Annotator "RC"]
[PlyCount "82"]
[EventDate "2024.03.28"]
[EventType "schev"]
[EventCountry "USA"]
[SourceTitle "playchess.com"]
[Source "ChessBase"]
[SourceQuality "1"]
[TimeControl "5400+30"]

1. e4 e5 2. Nf3 Nc6 3. Bb5 a6 4. Ba4 Nf6 5. O-O Nxe4 6. d4 Be7 7. Re1 b5 8. d5 Nc5 9. dxc6 bxa4 10. Nxe5 d5 11. Nc3 Be6 12. Be3 O-O 13. Bd4 a3 14. b3 Re8 15. Qd2 f6 16. Nf3 Ne4 17. Qe3 Bb4 18. Qd3 Bf7 19. Re3 Bg6 20. Rae1 Nxc3 21. Rxe8+ Qxe8 22. Rxe8+ Rxe8 23. Qxa6 Ne2+ 24. Kh1 Nxd4 25. h4 Nxf3 26. gxf3 Bxc2 27. Qb5 Bd6 28. Qxd5+ Kf8 29. b4 Rb8 30. b5 Ba4 31. Qe4 Bxb5 32. Qxh7 Bc4 33. Qh8+ Bg8 34. h5 Bf4 35. Kg2 Rb2 36. Kh3 Rxa2 37. Kg4 Bh6 38. Kf5 Rxf2 39. Kg6 Rg2+ 40. Kf5 a2 41. f4 a1=Q 0-1